Oilers vs Hurricanes

Created - January-30-13 at 17:41

Goals
1 2 3 T
Oilers 0 2 0 2
Hurricanes 0 0 0 0
Shots
1 2 3 T
Oilers 5 12 11 28
Hurricanes 4 5 5 14

1st period

No Goal

Penalties :
Jed Ortmeyer (EDM) for Hooking (Minor) at 5:08, Filip Kuba (CAR) for Tripping (Minor) at 10:59, Jan Hejda (EDM) for Hooking (Minor) at 11:33

2nd period

1. Oilers , Jed Ortmeyer 1 (Jason Pominville, Chris Phillips) at 5:37
2. Oilers , Jakub Voracek 14 (Jochen Hecht, Chris Phillips) at 13:56

Penalties :
Maxim Lapierre (CAR) for Roughing (Minor) at 2:02, Maxim Lapierre (CAR) for Hooking (Minor) at 5:54

3rd period

No Goal

Penalties :
Maxim Lapierre (CAR) for Roughing (Minor) at 9:28, Anton Volchenkov (CAR) for Elbowing (Minor) at 13:55, Ruslan Fedotenko (EDM) for Hooking (Minor) at 18:54

Goalie Stats

Kari Lehtonen (EDM), 14 saves from 14 shots - (1.000), W, 35-14-2, 60:00 minutes
Mike Smith (CAR), 26 saves from 28 shots - (0.929), L, 28-17-3, 60:00 minutes

Players Stats for Oilers

Player Name              G  A  P  +/- PIM S  H  SB GA TA FO     MP     PP MP  PK MP  
------------------------------------------------------------------------------------
Adam Burish              0  0  0   0  0   1  3  0  0  0  5/8    14:00   0:51   2:10 
Carl Sneep               0  0  0   0  0   2  0  0  0  0  0/0    14:56   1:48   0:30 
Chris Phillips           0  2  2   2  0   1  2  0  0  0  0/0    24:10   4:25   1:47 
Dany Heatley             0  0  0   0  0   1  2  0  0  0  0/1    19:03   3:58   0:00 
Derek Roy                0  0  0   0  0   2  0  0  0  0  10/20  18:44   3:18   0:21 
Dustin Jeffrey           0  0  0   1  0   0  1  0  0  0  5/9     6:37   0:11   0:36 
Jakub Voracek            1  0  1   1  0   5  0  0  0  0  0/0    19:44   4:21   0:00 
Jan Hejda                0  0  0   2  2   2  2  0  0  0  0/0    24:11   4:24   1:49 
Jason Pominville         0  1  1   1  0   9  1  0  0  0  0/0    23:23   3:18   0:00 
Jed Ortmeyer             1  0  1   1  2   1  0  0  0  0  1/1     5:34   0:00   0:00 
Jeff Schultz             0  0  0   0  0   0  3  0  0  0  0/0    19:03   0:11   1:21 
Jochen Hecht             0  1  1   1  0   0  0  0  0  0  13/27  22:10   4:21   1:51 
Lennart Petrell          0  0  0   0  0   0  0  0  0  0  0/0     0:51   0:51   0:00 
Nate Guenin              0  0  0   0  0   0  1  0  0  0  0/0    16:25   3:54   0:08 
Radek Dvorak             0  0  0   0  0   1  1  0  0  0  2/2    12:26   0:00   0:37 
Ruslan Fedotenko         0  0  0   0  2   1  1  1  0  0  0/1    12:39   0:00   1:41 
Scott Hannan             0  0  0   0  0   1  2  2  0  0  0/0    21:14   2:17   1:41 
Tomas Holmstrom          0  0  0   1  0   1  2  0  0  0  1/1    19:44   4:21   0:00 

Players Stats for Hurricanes

Player Name              G  A  P  +/- PIM S  H  SB GA TA FO     MP     PP MP  PK MP  
------------------------------------------------------------------------------------
Anton Volchenkov         0  0  0   0  2   1  0  1  0  0  0/0    21:10   2:44   3:12 
Brandon McMillan         0  0  0   0  0   0  0  0  0  0  0/0     4:59   0:00   0:00 
Chad LaRose              0  0  0  -2  0   0  4  0  0  0  0/0    16:13   1:47   0:00 
Darroll Powe             0  0  0   0  0   0  0  0  0  0  3/12   11:20   0:00   0:00 
Duncan Keith             0  0  0  -1  0   1  2  1  0  0  0/0    23:31   0:54   4:27 
Eric Staal               0  0  0   0  0   2  0  0  0  0  15/21  22:30   1:47   4:19 
Filip Kuba               0  0  0  -1  2   0  7  0  0  0  0/0    24:10   2:44   3:59 
Jarome Iginla            0  0  0  -2  0   2  0  0  0  0  3/11   21:07   1:47   4:11 
Jason Chimera            0  0  0   0  0   0  2  0  0  0  0/0    17:33   1:51   0:00 
Jesse Winchester         0  0  0   0  0   1  1  0  0  0  0/4     4:59   0:00   0:00 
Joffrey Lupul            0  0  0   0  0   3  1  0  0  0  0/0    22:27   1:51   4:11 
Matt Greene              0  0  0   0  0   0  3  0  0  0  0/0    20:21   0:00   4:23 
Maxim Lapierre           0  0  0   0  6   1  3  0  0  0  1/1    11:17   0:00   0:00 
Patrik Elias             0  0  0  -2  0   1  0  0  0  0  10/20  21:18   1:51   4:19 
Ryan Wilson              0  0  0  -1  0   0  3  0  0  0  0/0    15:21   0:54   0:00 
Shane OBrien             0  0  0  -1  0   0  1  0  0  0  0/0    15:13   0:00   0:47 
Sheldon Brookbank        0  0  0   0  0   1  1  1  0  0  1/1    11:32   0:00   0:12 
Warren Peters            0  0  0   0  0   1  0  0  0  0  0/0     4:59   0:00   0:00 

3 Stars

1 - Chris Phillips (EDM)
2 - Kari Lehtonen (EDM)
3 - Jakub Voracek (EDM)

Power Play

Oilers - 0 on 5 Attempt(s) - 0.00%
Hurricanes - 0 on 3 Attempt(s) - 0.00%

Penalty Kill

Oilers - 3 on 3 Attempt(s) - 100.00% - Score 0 goal in Penalty Kill
Hurricanes - 5 on 5 Attempt(s) - 100.00% - Score 0 goal in Penalty Kill

Official

Referees : Wes McCauley and Dean Morton
Linesman : Pierre Racicot and Scott Driscoll

Game Notes

No Game Note

Finance

Level 1 -- Attendance: 6000 (100.00%) -- Ticket Income $600,000
Level 2 -- Attendance: 4722 (94.44%) -- Ticket Income $306,930
Level 3 -- Attendance: 3464 (98.97%) -- Ticket Income $155,880
Level 4 -- Attendance: 3230 (100.00%) -- Ticket Income $87,210
Luxury Box -- Attendance: 1000 (100.00%) -- Ticket Income $200,000
Game was played at the PNC Arena
Total Attendance: 18416 (98.32%)
Total Ticket Income: $1,350,020
Other Income: $202,503
Total Income: $1,552,523


% Time on Ice - Oilers

Lines # - Real PCT - Wanted PCT - Time Play
Normal Forward
1 - 32% - 35% - 15:05
2 - 33% - 33% - 15:23
3 - 24% - 20% - 10:59
4 - 11% - 12% - 5:00
Normal Defense
1 - 39% - 38% - 17:57
2 - 36% - 33% - 16:41
3 - 25% - 22% - 11:48
4 - 0% - 7% - 0:01
PP Forward
1 - 47% - 50% - 3:58
2 - 53% - 50% - 4:32
PP Defense
1 - 52% - 50% - 4:25
2 - 48% - 50% - 4:05
PK Forward
1 - 83% - 60% - 3:01
2 - 17% - 40% - 0:37
PK Defense
1 - 54% - 55% - 1:57
2 - 46% - 45% - 1:41
PK3 Forward
1 - 0% - 55%
2 - 0% - 45%
PK3 Defense
1 - 0% - 60%
2 - 0% - 40%
44 Forward
1 - 41% - 60% - 0:35
2 - 59% - 40% - 0:50
44 Defense
1 - 59% - 60% - 0:50
2 - 41% - 40% - 0:35
Last Minute Offensive  - 0:00
Last Minute Defensive  - 0:00
Total
Forward - 60:00
Defense - 60:00

% Time on Ice - Hurricanes

Lines # - Real PCT - Wanted PCT - Time Play
Normal Forward
1 - 31% - 35% - 14:26
2 - 34% - 35% - 15:42
3 - 24% - 20% - 11:20
4 - 11% - 10% - 4:59
Normal Defense
1 - 30% - 35% - 14:02
2 - 33% - 35% - 15:15
3 - 30% - 15% - 13:44
4 - 7% - 15% - 3:26
PP Forward
1 - 49% - 57% - 1:47
2 - 51% - 43% - 1:51
PP Defense
1 - 25% - 50% - 0:54
2 - 75% - 50% - 2:44
PK Forward
1 - 51% - 50% - 4:19
2 - 49% - 50% - 4:11
PK Defense
1 - 42% - 50% - 3:35
2 - 58% - 50% - 4:55
PK3 Forward
1 - 0% - 50%
2 - 0% - 50%
PK3 Defense
1 - 0% - 50%
2 - 0% - 50%
44 Forward
1 - 49% - 50% - 0:42
2 - 51% - 50% - 0:43
44 Defense
1 - 49% - 50% - 0:42
2 - 51% - 50% - 0:43
Last Minute Offensive  - 0:00
Last Minute Defensive  - 0:00
Total
Forward - 60:00
Defense - 60:00

Play by Play

1st period


0:01 of 1st period - Patrik Elias wins face-off versus Derek Roy in neutral zone.
0:18 of 1st period - Shot by Jarome Iginla.
0:18 of 1st period - Shot Misses the Net.
2:13 of 1st period - Icing by Jason Pominville.
2:14 of 1st period - Derek Roy wins face-off versus Jesse Winchester in Oilers zone.
2:19 of 1st period - Brandon McMillan is hit by Dany Heatley and loses puck.
2:46 of 1st period - Shot by Jakub Voracek.
2:46 of 1st period - Stopped by Mike Smith with a rebound.
2:48 of 1st period - Shot by Scott Hannan.
2:48 of 1st period - Stopped by Mike Smith without a rebound.
2:49 of 1st period - Eric Staal wins face-off versus Adam Burish in Hurricanes zone.
3:13 of 1st period - Shot by Nate Guenin.
3:13 of 1st period - Shot Misses the Net.
3:15 of 1st period - Shot by Adam Burish.
3:15 of 1st period - Stopped by Mike Smith with a rebound.
4:15 of 1st period - Jakub Voracek is hit by Filip Kuba and loses puck.
4:19 of 1st period - Icing by Filip Kuba.
4:20 of 1st period - Jochen Hecht wins face-off versus Patrik Elias in Hurricanes zone.
4:20 of 1st period - Jakub Voracek is hit by Duncan Keith and loses puck.
4:31 of 1st period - Shot by Duncan Keith.
4:31 of 1st period - Shot Blocked by Scott Hannan.
4:33 of 1st period - Shot by Duncan Keith.
4:33 of 1st period - Stopped by Kari Lehtonen without a rebound.
4:34 of 1st period - Jochen Hecht wins face-off versus Darroll Powe in Oilers zone.
5:08 of 1st period - Minor Penalty to Jed Ortmeyer for Hooking.
5:09 of 1st period - Jochen Hecht wins face-off versus Patrik Elias in Oilers zone.
5:14 of 1st period - Patrik Elias is hit by Ruslan Fedotenko and loses puck.
5:23 of 1st period - Shot by Anton Volchenkov.
5:23 of 1st period - Stopped by Kari Lehtonen without a rebound.
5:24 of 1st period - Eric Staal wins face-off versus Jochen Hecht in Oilers zone.
5:29 of 1st period - Shot by Duncan Keith.
5:29 of 1st period - Shot Blocked by Ruslan Fedotenko.
5:31 of 1st period - Shot by Eric Staal.
5:31 of 1st period - Shot Misses the Net.
6:21 of 1st period - Anton Volchenkov is hit by Adam Burish and loses puck.
6:53 of 1st period - Icing by Anton Volchenkov.
6:54 of 1st period - Patrik Elias wins face-off versus Derek Roy in Hurricanes zone.
7:12 of 1st period - Icing by Sheldon Brookbank.
7:13 of 1st period - Dustin Jeffrey wins face-off versus Darroll Powe in Hurricanes zone.
7:18 of 1st period - Shot by Jason Pominville.
7:18 of 1st period - Stopped by Mike Smith without a rebound.
7:19 of 1st period - Jed Ortmeyer wins face-off versus Jesse Winchester in Hurricanes zone.
8:18 of 1st period - Icing by Jeff Schultz.
8:19 of 1st period - Eric Staal wins face-off versus Jochen Hecht in Oilers zone.
8:27 of 1st period - Joffrey Lupul is hit by Scott Hannan and loses puck.
8:30 of 1st period - Shot by Eric Staal.
8:30 of 1st period - Shot Misses the Net.
8:37 of 1st period - Jakub Voracek is hit by Jason Chimera and loses puck.
8:51 of 1st period - Eric Staal is hit by Jeff Schultz and loses puck.
10:30 of 1st period - Icing by Filip Kuba.
10:31 of 1st period - Dustin Jeffrey wins face-off versus Darroll Powe in Hurricanes zone.
10:31 of 1st period - Dustin Jeffrey is hit by Filip Kuba.
10:56 of 1st period - Jason Pominville is hit by Filip Kuba and loses puck.
10:59 of 1st period - Shot by Jason Pominville.
10:59 of 1st period - Stopped by Mike Smith without a rebound.
10:59 of 1st period - Minor Penalty to Filip Kuba for Tripping.
11:00 of 1st period - Jochen Hecht wins face-off versus Jarome Iginla in Hurricanes zone.
11:33 of 1st period - Minor Penalty to Jan Hejda for Hooking.
11:34 of 1st period - Jochen Hecht wins face-off versus Jarome Iginla in Oilers zone.
13:57 of 1st period - Icing by Ryan Wilson.
13:58 of 1st period - Darroll Powe wins face-off versus Jochen Hecht in Hurricanes zone.
13:58 of 1st period - Darroll Powe is hit by Tomas Holmstrom.
14:31 of 1st period - Shot by Jesse Winchester.
14:31 of 1st period - Shot Misses the Net.
14:33 of 1st period - Shot by Warren Peters.
14:33 of 1st period - Stopped by Kari Lehtonen without a rebound.
14:34 of 1st period - Eric Staal wins face-off versus Derek Roy in Oilers zone.
14:46 of 1st period - Joffrey Lupul is hit by Jeff Schultz and loses puck.
15:07 of 1st period - Shot by Eric Staal.
15:07 of 1st period - Shot Blocked by Scott Hannan.
15:31 of 1st period - Jeff Schultz is hit by Chad LaRose and loses puck.
16:05 of 1st period - Icing by Jan Hejda.
16:06 of 1st period - Adam Burish wins face-off versus Darroll Powe in Oilers zone.
16:06 of 1st period - Adam Burish is hit by Sheldon Brookbank.
16:37 of 1st period - Icing by Ryan Wilson.
16:38 of 1st period - Jochen Hecht wins face-off versus Darroll Powe in Hurricanes zone.
17:11 of 1st period - Shot by Jakub Voracek.
17:11 of 1st period - Shot Misses the Net.
17:34 of 1st period - Jakub Voracek is hit by Matt Greene and loses puck.
19:18 of 1st period - Shot by Jesse Winchester.
19:18 of 1st period - Stopped by Kari Lehtonen with a rebound.
19:51 of 1st period - Icing by Jan Hejda.
19:52 of 1st period - Darroll Powe wins face-off versus Dustin Jeffrey in Oilers zone.

2nd period


0:01 of 2nd period - Eric Staal wins face-off versus Jochen Hecht in neutral zone.
0:04 of 2nd period - Jan Hejda is hit by Jason Chimera and loses puck.
0:17 of 2nd period - Shot by Jakub Voracek.
0:17 of 2nd period - Stopped by Mike Smith without a rebound.
0:18 of 2nd period - Derek Roy wins face-off versus Patrik Elias in Hurricanes zone.
0:26 of 2nd period - Derek Roy is hit by Filip Kuba.
0:52 of 2nd period - Shot by Jarome Iginla.
0:52 of 2nd period - Shot Misses the Net.
0:55 of 2nd period - Icing by Scott Hannan.
0:56 of 2nd period - Eric Staal wins face-off versus Derek Roy in Oilers zone.
1:05 of 2nd period - Shot by Joffrey Lupul.
1:05 of 2nd period - Stopped by Kari Lehtonen with a rebound.
2:02 of 2nd period - Minor Penalty to Maxim Lapierre for Roughing.
2:03 of 2nd period - Jochen Hecht wins face-off versus Patrik Elias in Hurricanes zone.
2:22 of 2nd period - Shot by Jan Hejda.
2:22 of 2nd period - Stopped by Mike Smith without a rebound.
2:23 of 2nd period - Patrik Elias wins face-off versus Jochen Hecht in Hurricanes zone.
3:57 of 2nd period - Shot by Jochen Hecht.
3:57 of 2nd period - Deflect By Jakub Voracek.
3:57 of 2nd period - Stopped by Mike Smith with a rebound.
3:59 of 2nd period - Shot by Jan Hejda.
3:59 of 2nd period - Shot Blocked by Anton Volchenkov.
4:01 of 2nd period - Shot by Jan Hejda.
4:01 of 2nd period - Shot Misses the Net.
4:19 of 2nd period - Shot by Jason Pominville.
4:19 of 2nd period - Shot Blocked by Sheldon Brookbank.
4:31 of 2nd period - Shot by Sheldon Brookbank.
4:31 of 2nd period - Stopped by Kari Lehtonen with a rebound.
4:33 of 2nd period - Shot by Maxim Lapierre.
4:33 of 2nd period - Stopped by Kari Lehtonen without a rebound.
4:34 of 2nd period - Patrik Elias wins face-off versus Adam Burish in Oilers zone.
4:41 of 2nd period - Jarome Iginla is hit by Adam Burish and loses puck.
4:46 of 2nd period - Shot by Carl Sneep.
4:46 of 2nd period - Shot Misses the Net.
4:48 of 2nd period - Shot by Radek Dvorak.
4:48 of 2nd period - Shot Misses the Net.
4:53 of 2nd period - Radek Dvorak is hit by Filip Kuba and loses puck.
5:23 of 2nd period - Jason Pominville is hit by Duncan Keith and loses puck.
5:33 of 2nd period - Shot by Jason Pominville.
5:33 of 2nd period - Shot Misses the Net.
5:35 of 2nd period - Shot by Jed Ortmeyer.
5:35 of 2nd period - Shot Misses the Net.
5:37 of 2nd period - Shot by Jed Ortmeyer.
5:37 of 2nd period - Goal by Jed Ortmeyer - Oilers : 1 - Hurricanes : 0.
5:38 of 2nd period - Jochen Hecht wins face-off versus Eric Staal in neutral zone.
5:48 of 2nd period - Off-side.
5:49 of 2nd period - Maxim Lapierre wins face-off versus Jochen Hecht in neutral zone.
5:52 of 2nd period - Jan Hejda is hit by Maxim Lapierre and loses puck.
5:54 of 2nd period - Minor Penalty to Maxim Lapierre for Hooking.
5:55 of 2nd period - Derek Roy wins face-off versus Jarome Iginla in Hurricanes zone.
6:18 of 2nd period - Icing by Derek Roy.
6:19 of 2nd period - Derek Roy wins face-off versus Jarome Iginla in Oilers zone.
7:03 of 2nd period - Icing by Chris Phillips.
7:04 of 2nd period - Tomas Holmstrom wins face-off versus Patrik Elias in Oilers zone.
7:36 of 2nd period - Shot by Jakub Voracek.
7:36 of 2nd period - Shot Misses the Net.
7:38 of 2nd period - Shot by Jan Hejda.
7:38 of 2nd period - Stopped by Mike Smith without a rebound.
7:39 of 2nd period - Jarome Iginla wins face-off versus Derek Roy in Hurricanes zone.
7:39 of 2nd period - Jarome Iginla is hit by Nate Guenin.
8:19 of 2nd period - Shot by Jesse Winchester.
8:19 of 2nd period - Shot Misses the Net.
8:28 of 2nd period - Jeff Schultz is hit by Ryan Wilson.
10:30 of 2nd period - Anton Volchenkov is hit by Dany Heatley and loses puck.
10:47 of 2nd period - Nate Guenin is hit by Chad LaRose.
11:37 of 2nd period - Icing by Darroll Powe.
11:38 of 2nd period - Dustin Jeffrey wins face-off versus Darroll Powe in Hurricanes zone.
11:41 of 2nd period - Shot by Jason Pominville.
11:41 of 2nd period - Stopped by Mike Smith without a rebound.
11:42 of 2nd period - Eric Staal wins face-off versus Jochen Hecht in Hurricanes zone.
12:01 of 2nd period - Shot by Joffrey Lupul.
12:01 of 2nd period - Stopped by Kari Lehtonen without a rebound.
12:02 of 2nd period - Derek Roy wins face-off versus Darroll Powe in Oilers zone.
12:02 of 2nd period - Derek Roy is hit by Maxim Lapierre.
12:10 of 2nd period - Shot by Jason Pominville.
12:10 of 2nd period - Stopped by Mike Smith without a rebound.
12:11 of 2nd period - Radek Dvorak wins face-off versus Eric Staal in Hurricanes zone.
13:36 of 2nd period - Shot by Patrik Elias.
13:36 of 2nd period - Stopped by Kari Lehtonen with a rebound.
13:48 of 2nd period - Shot by Jochen Hecht.
13:48 of 2nd period - Shot Misses the Net.
13:56 of 2nd period - Shot by Jakub Voracek.
13:56 of 2nd period - Goal by Jakub Voracek - Oilers : 2 - Hurricanes : 0.
13:57 of 2nd period - Sheldon Brookbank wins face-off versus Derek Roy in neutral zone.
14:22 of 2nd period - Shot by Jason Pominville.
14:22 of 2nd period - Stopped by Mike Smith with a rebound.
14:24 of 2nd period - Shot by Jason Pominville.
14:24 of 2nd period - Stopped by Mike Smith without a rebound.
14:25 of 2nd period - Dustin Jeffrey wins face-off versus Jarome Iginla in Hurricanes zone.
14:28 of 2nd period - Shot by Jason Pominville.
14:28 of 2nd period - Stopped by Mike Smith without a rebound.
14:29 of 2nd period - Patrik Elias wins face-off versus Jochen Hecht in Hurricanes zone.
16:23 of 2nd period - Duncan Keith is hit by Jason Pominville and loses puck.
17:14 of 2nd period - Carl Sneep is hit by Jesse Winchester and loses puck.
17:22 of 2nd period - Icing by Carl Sneep.
17:23 of 2nd period - Adam Burish wins face-off versus Patrik Elias in Oilers zone.
18:16 of 2nd period - Shot by Jakub Voracek.
18:16 of 2nd period - Stopped by Mike Smith without a rebound.
18:17 of 2nd period - Eric Staal wins face-off versus Dustin Jeffrey in Hurricanes zone.
18:26 of 2nd period - Off-side.
18:27 of 2nd period - Eric Staal wins face-off versus Derek Roy in neutral zone.
18:48 of 2nd period - Shot by Derek Roy.
18:48 of 2nd period - Deflect By Dany Heatley.
18:48 of 2nd period - Shot Misses the Net.
19:04 of 2nd period - Carl Sneep is hit by Filip Kuba.

3rd period


0:01 of 3rd period - Eric Staal wins face-off versus Jochen Hecht in neutral zone.
0:14 of 3rd period - Shot by Eric Staal.
0:14 of 3rd period - Stopped by Kari Lehtonen with a rebound.
0:16 of 3rd period - Shot by Eric Staal.
0:16 of 3rd period - Stopped by Kari Lehtonen without a rebound.
0:17 of 3rd period - Derek Roy wins face-off versus Patrik Elias in Oilers zone.
0:26 of 3rd period - Shot by Derek Roy.
0:26 of 3rd period - Stopped by Mike Smith without a rebound.
0:27 of 3rd period - Jochen Hecht wins face-off versus Eric Staal in Hurricanes zone.
0:31 of 3rd period - Icing by Matt Greene.
0:32 of 3rd period - Eric Staal wins face-off versus Jochen Hecht in Hurricanes zone.
0:48 of 3rd period - Off-side.
0:49 of 3rd period - Patrik Elias wins face-off versus Derek Roy in neutral zone.
0:58 of 3rd period - Shot by Derek Roy.
0:58 of 3rd period - Stopped by Mike Smith without a rebound.
0:59 of 3rd period - Jochen Hecht wins face-off versus Eric Staal in Hurricanes zone.
1:06 of 3rd period - Matt Greene is hit by Tomas Holmstrom and loses puck.
2:29 of 3rd period - Shot by Jason Pominville.
2:29 of 3rd period - Stopped by Mike Smith without a rebound.
2:30 of 3rd period - Adam Burish wins face-off versus Jarome Iginla in Hurricanes zone.
3:05 of 3rd period - Patrik Elias is hit by Radek Dvorak.
3:38 of 3rd period - Icing by Jason Pominville.
3:39 of 3rd period - Dustin Jeffrey wins face-off versus Darroll Powe in Oilers zone.
5:04 of 3rd period - Icing by Scott Hannan.
5:05 of 3rd period - Jochen Hecht wins face-off versus Eric Staal in Oilers zone.
5:05 of 3rd period - Jochen Hecht is hit by Joffrey Lupul.
5:18 of 3rd period - Off-side.
5:19 of 3rd period - Patrik Elias wins face-off versus Adam Burish in neutral zone.
5:31 of 3rd period - Icing by Ruslan Fedotenko.
5:32 of 3rd period - Eric Staal wins face-off versus Ruslan Fedotenko in Oilers zone.
6:41 of 3rd period - Icing by Jan Hejda.
6:42 of 3rd period - Derek Roy wins face-off versus Jesse Winchester in Oilers zone.
7:10 of 3rd period - Brandon McMillan is hit by Jan Hejda and loses puck.
7:19 of 3rd period - Brandon McMillan is hit by Chris Phillips and loses puck.
8:09 of 3rd period - Shot by Jarome Iginla.
8:09 of 3rd period - Stopped by Kari Lehtonen without a rebound.
8:10 of 3rd period - Jochen Hecht wins face-off versus Eric Staal in Oilers zone.
8:52 of 3rd period - Joffrey Lupul is hit by Scott Hannan and loses puck.
9:18 of 3rd period - Jeff Schultz is hit by Maxim Lapierre and loses puck.
9:28 of 3rd period - Minor Penalty to Maxim Lapierre for Roughing.
9:29 of 3rd period - Adam Burish wins face-off versus Patrik Elias in Hurricanes zone.
9:32 of 3rd period - Shot by Carl Sneep.
9:32 of 3rd period - Stopped by Mike Smith without a rebound.
9:33 of 3rd period - Jarome Iginla wins face-off versus Derek Roy in Hurricanes zone.
9:48 of 3rd period - Icing by Carl Sneep.
9:49 of 3rd period - Jarome Iginla wins face-off versus Derek Roy in Oilers zone.
11:04 of 3rd period - Shot by Joffrey Lupul.
11:04 of 3rd period - Stopped by Kari Lehtonen with a rebound.
11:49 of 3rd period - Icing by Adam Burish.
11:50 of 3rd period - Adam Burish wins face-off versus Jesse Winchester in Oilers zone.
12:00 of 3rd period - Shot by Jeff Schultz.
12:00 of 3rd period - Deflect By Ruslan Fedotenko.
12:00 of 3rd period - Stopped by Mike Smith without a rebound.
12:01 of 3rd period - Patrik Elias wins face-off versus Dustin Jeffrey in Hurricanes zone.
12:01 of 3rd period - Patrik Elias is hit by Dustin Jeffrey.
12:20 of 3rd period - Icing by Chris Phillips.
12:21 of 3rd period - Eric Staal wins face-off versus Dustin Jeffrey in Oilers zone.
12:21 of 3rd period - Joffrey Lupul is hit by Jan Hejda and loses puck.
12:33 of 3rd period - Jason Pominville is hit by Filip Kuba and loses puck.
12:36 of 3rd period - Shot by Dustin Jeffrey.
12:36 of 3rd period - Shot Misses the Net.
12:38 of 3rd period - Shot by Jan Hejda.
12:38 of 3rd period - Shot Blocked by Duncan Keith.
12:42 of 3rd period - Shot by Jason Pominville.
12:42 of 3rd period - Stopped by Mike Smith with a rebound.
13:20 of 3rd period - Duncan Keith is hit by Jeff Schultz and loses puck.
13:33 of 3rd period - Shot by Jarome Iginla.
13:33 of 3rd period - Stopped by Kari Lehtonen without a rebound.
13:34 of 3rd period - Radek Dvorak wins face-off versus Patrik Elias in Oilers zone.
13:34 of 3rd period - Radek Dvorak is hit by Chad LaRose.
13:40 of 3rd period - Shot by Nate Guenin.
13:40 of 3rd period - Shot Misses the Net.
13:42 of 3rd period - Shot by Radek Dvorak.
13:42 of 3rd period - Stopped by Mike Smith with a rebound.
13:45 of 3rd period - Adam Burish is hit by Matt Greene and loses puck.
13:51 of 3rd period - Radek Dvorak is hit by Matt Greene and loses puck.
13:55 of 3rd period - Minor Penalty to Anton Volchenkov for Elbowing.
13:56 of 3rd period - Patrik Elias wins face-off versus Jochen Hecht in Hurricanes zone.
14:07 of 3rd period - Duncan Keith is hit by Chris Phillips and loses puck.
14:16 of 3rd period - Shot by Jochen Hecht.
14:16 of 3rd period - Shot Misses the Net.
14:25 of 3rd period - Shot by Jan Hejda.
14:25 of 3rd period - Shot Misses the Net.
14:27 of 3rd period - Shot by Chris Phillips.
14:27 of 3rd period - Stopped by Mike Smith without a rebound.
14:28 of 3rd period - Patrik Elias wins face-off versus Dany Heatley in Hurricanes zone.
15:44 of 3rd period - Shot by Jakub Voracek.
15:44 of 3rd period - Deflect By Tomas Holmstrom.
15:44 of 3rd period - Stopped by Mike Smith without a rebound.
15:45 of 3rd period - Derek Roy wins face-off versus Jarome Iginla in Hurricanes zone.
15:50 of 3rd period - Shot by Dany Heatley.
15:50 of 3rd period - Stopped by Mike Smith without a rebound.
15:51 of 3rd period - Derek Roy wins face-off versus Jarome Iginla in Hurricanes zone.
16:08 of 3rd period - Icing by Shane OBrien.
16:09 of 3rd period - Jochen Hecht wins face-off versus Darroll Powe in Hurricanes zone.
16:13 of 3rd period - Jakub Voracek is hit by Ryan Wilson and loses puck.
16:36 of 3rd period - Shot by Carl Sneep.
16:36 of 3rd period - Stopped by Mike Smith without a rebound.
16:37 of 3rd period - Derek Roy wins face-off versus Patrik Elias in Hurricanes zone.
17:17 of 3rd period - Derek Roy is hit by Chad LaRose and loses puck.
17:53 of 3rd period - Icing by Scott Hannan.
17:54 of 3rd period - Darroll Powe wins face-off versus Jochen Hecht in Oilers zone.
18:22 of 3rd period - Jochen Hecht is hit by Shane OBrien and loses puck.
18:30 of 3rd period - Jakub Voracek is hit by Ryan Wilson and loses puck.
18:54 of 3rd period - Minor Penalty to Ruslan Fedotenko for Hooking.
18:55 of 3rd period - Eric Staal wins face-off versus Jochen Hecht in Oilers zone.
19:33 of 3rd period - Icing by Anton Volchenkov.
19:34 of 3rd period - Eric Staal wins face-off versus Jochen Hecht in Hurricanes zone.
19:34 of 3rd period - Filip Kuba is hit by Adam Burish and loses puck.


Output by the SimonT Hockey Simulator (STHS) for Stephane Roy -- Original Page W3C XHTML 1.0 Valid
Hockey Simulator - Hockey Simulation - Hockey Manager